[ AOE2 MATCH · #478595176 ]
UnrankedItalians vs Khitans
[ REPLAY ANALYSIS · EXTRACTED FROM THE RECORDED GAME ]
Feudal
12:03
Castle
15:59
Imperial
46:00
| APM avg | 48.6 |
| APM peak | 83 |
| eAPM avg | 28.6 |
| Villagers / military | 177 / 104 |
Focus
⚔️ 35.8% · 🌾 64.2%
Genoese Crossbowman ×68 · Cavalry Archer ×28 · Scorpion ×5 · Spearman ×2 · Mangonel ×1
Feudal
12:44
Castle
15:50
Imperial
32:31
| APM avg | 29.8 |
| APM peak | 53 |
| eAPM avg | 22.8 |
| Villagers / military | 197 / 330 |
Focus
⚔️ 32.5% · 🌾 67.5%
Battle Elephant ×324 · Unknown (882) ×20 · Scorpion ×6
Feudal
13:16
Castle
18:01
Imperial
38:16
| APM avg | 35.2 |
| APM peak | 62 |
| eAPM avg | 26.0 |
| Villagers / military | 220 / 169 |
Focus
⚔️ 22.1% · 🌾 77.9%
Camel Scout ×134 · Steppe Lancer ×30 · Iron Pagoda ×3 · Militia ×1 · Battering Ram ×1
Feudal
13:22
Castle
18:23
Imperial
47:29
| APM avg | 44.8 |
| APM peak | 87 |
| eAPM avg | 21.5 |
| Villagers / military | 203 / 38 |
Focus
⚔️ 39.9% · 🌾 60.1%
Cavalry Archer ×30 · Knight ×6 · Monk ×2
Feudal
12:57
Castle
17:29
Imperial
36:13
| APM avg | 30.7 |
| APM peak | 59 |
| eAPM avg | 20.1 |
| Villagers / military | 187 / 251 |
Focus
⚔️ 28.4% · 🌾 71.6%
Leitis ×132 · Spearman ×114 · Unknown (882) ×10 · Knight ×3 · Monk ×2
Feudal
12:49
Castle
16:22
Imperial
40:24
| APM avg | 67.0 |
| APM peak | 159 |
| eAPM avg | 32.2 |
| Villagers / military | 220 / 258 |
Focus
⚔️ 39.7% · 🌾 60.3%
Cavalry Archer ×194 · Camel Scout ×58 · Scout Cavalry ×5 · Monk ×1
Feudal
11:39
Castle
21:26
Imperial
36:41
| APM avg | 54.5 |
| APM peak | 103 |
| eAPM avg | 30.4 |
| Villagers / military | 172 / 172 |
Focus
⚔️ 31.7% · 🌾 68.3%
Battle Elephant ×139 · Scout Cavalry ×27 · Trebuchet (Packed) ×3 · Mangonel ×2 · Spearman ×1
Feudal
11:46
Castle
34:55
Imperial
40:00
| APM avg | 32.5 |
| APM peak | 76 |
| eAPM avg | 20.6 |
| Villagers / military | 205 / 45 |
Focus
⚔️ 33.6% · 🌾 66.4%
Spearman ×37 · Monk ×4 · Militia ×4
Match map
Initial resources + every placement click. Lines = walls · curves = elevation contours. ◆ gold · ⬟ stone · ● berries · ✦ relic · ◌ wall gap
Your base· Open — 12t gap
alican43's base· Open — 8t gap
DomDom's base· Open — unwalled flank
BombacıMülayim's base· Open — unwalled flank
Maverick_Taha's base· Open — unwalled flank
Edelreiss's base· Open — unwalled flank
Theos's base· Open — 7t gap
DuhuluDubrisi's base· Open — 5t gap
Smoothed initial terrain · ◌ = detected wall gap · hover for details
Inputs per minute
— EJDER - - alican43
Build order — EJDER
First 150 of 440 actions detected
| 0:27 | Build | Town Center |
| 2:20 | Create | Villager (Male) |
| 2:20 | Create | Villager (Male) |
| 2:25 | Build | House |
| 2:26 | Create | Villager (Male) |
| 2:26 | Create | Villager (Male) |
| 2:27 | Create | Villager (Male) |
| 3:18 | Create | Villager (Male) |
| 3:19 | Create | Villager (Male) |
| 3:39 | Create | Villager (Male) |
| 4:06 | Build | Lumber Camp |
| 4:16 | Build | House |
| 4:44 | Create | Villager (Male) |
| 4:45 | Create | Villager (Male) |
| 4:45 | Create | Villager (Male) |
| 5:32 | Create | Villager (Male) |
| 5:32 | Create | Villager (Male) |
| 5:38 | Create | Villager (Male) |
| 5:39 | Create | Villager (Male) |
| 6:17 | Create | Villager (Male) |
| 6:21 | Build | House |
| 6:24 | Build | House |
| 6:26 | Create | Villager (Male) |
| 6:26 | Create | Villager (Male) |
| 7:11 | Create | Villager (Male) |
| 7:38 | Build | Mill |
| 7:43 | Create | Villager (Male) |
| 7:52 | Create | Villager (Male) |
| 8:19 | Research | Loom |
| 8:21 | Build | Mill |
| 8:45 | Research | Feudal Age |
| 8:49 | Create | Villager (Male) |
| 8:50 | Create | Villager (Male) |
| 9:20 | Create | Villager (Male) |
| 9:29 | Create | Villager (Male) |
| 9:53 | Research | Feudal Age |
| 10:00 | Build | Mining Camp |
| 10:22 | Build | House |
| 10:30 | Build | House |
| 12:03 | Age | Feudal Age |
| 12:03 | Create | Villager (Male) |
| 12:07 | Build | Market |
| 12:29 | Create | Villager (Male) |
| 12:36 | Build | Blacksmith |
| 12:39 | Build | Blacksmith |
| 12:45 | Build | Palisade Wall |
| 12:50 | Create | Villager (Male) |
| 13:05 | Build | Palisade Wall |
| 13:06 | Build | Palisade Wall |
| 13:08 | Build | Palisade Wall |
| 13:09 | Build | Palisade Wall |
| 13:12 | Research | Castle Age |
| 13:32 | Research | Double-Bit Axe |
| 13:52 | Research | Horse Collar |
| 13:52 | Research | Horse Collar |
| 14:03 | Build | Palisade Wall |
| 14:23 | Build | Palisade Wall |
| 14:25 | Build | Palisade Wall |
| 14:46 | Build | Farm |
| 14:47 | Build | Farm |
| 15:09 | Build | House |
| 15:30 | Build | Barracks |
| 15:37 | Build | Palisade Wall |
| 15:57 | Create | Villager (Male) |
| 15:59 | Age | Castle Age |
| 16:05 | Create | Villager (Male) |
| 16:23 | Create | Villager (Male) |
| 16:27 | Build | Archery Range |
| 16:31 | Create | Spearman |
| 16:32 | Create | Villager (Male) |
| 16:35 | Research | Bow Saw |
| 16:57 | Create | Cavalry Archer |
| 17:13 | Build | Archery Range |
| 17:16 | Research | Fletching |
| 17:20 | Build | Farm |
| 17:38 | Create | Cavalry Archer |
| 17:38 | Create | Cavalry Archer |
| 17:39 | Create | Cavalry Archer |
| 17:39 | Create | Cavalry Archer |
| 18:03 | Create | Villager (Male) |
| 18:07 | Build | House |
| 18:16 | Create | Cavalry Archer |
| 18:20 | Create | Spearman |
| 18:46 | Build | Town Center |
| 18:57 | Create | Villager (Male) |
| 19:37 | Build | Farm |
| 19:38 | Build | Farm |
| 19:39 | Build | Farm |
| 19:44 | Create | Villager (Male) |
| 20:13 | Build | Town Center |
| 20:22 | Create | Villager (Male) |
| 20:23 | Create | Villager (Male) |
| 20:42 | Build | Town Center |
| 20:50 | Create | Villager (Male) |
| 20:50 | Create | Villager (Male) |
| 21:07 | Create | Villager (Male) |
| 21:07 | Create | Villager (Male) |
| 21:33 | Create | Villager (Male) |
| 21:33 | Create | Villager (Male) |
| 21:52 | Build | Farm |
| 21:54 | Build | Farm |
| 21:57 | Build | Farm |
| 21:58 | Build | Farm |
| 21:59 | Build | Farm |
| 22:01 | Create | Cavalry Archer |
| 22:01 | Create | Cavalry Archer |
| 22:03 | Create | Villager (Male) |
| 22:23 | Create | Villager (Male) |
| 22:23 | Create | Villager (Male) |
| 22:24 | Create | Cavalry Archer |
| 22:24 | Create | Cavalry Archer |
| 22:35 | Create | Villager (Male) |
| 22:56 | Create | Villager (Male) |
| 22:56 | Create | Villager (Male) |
| 23:02 | Create | Cavalry Archer |
| 23:02 | Create | Cavalry Archer |
| 23:11 | Create | Villager (Male) |
| 23:11 | Create | Villager (Male) |
| 23:15 | Create | Villager (Male) |
| 23:15 | Create | Villager (Male) |
| 23:15 | Build | House |
| 23:27 | Create | Cavalry Archer |
| 23:27 | Create | Cavalry Archer |
| 23:44 | Create | Villager (Male) |
| 23:50 | Build | Farm |
| 24:12 | Create | Villager (Male) |
| 24:12 | Create | Villager (Male) |
| 24:12 | Create | Villager (Male) |
| 24:17 | Create | Cavalry Archer |
| 24:17 | Create | Cavalry Archer |
| 24:17 | Create | Cavalry Archer |
| 24:29 | Create | Villager (Male) |
| 24:29 | Create | Villager (Male) |
| 24:37 | Build | Siege Workshop |
| 24:57 | Create | Scorpion |
| 24:59 | Build | House |
| 25:00 | Create | Villager (Male) |
| 25:14 | Build | House |
| 25:38 | Create | Villager (Male) |
| 25:47 | Create | Cavalry Archer |
| 25:47 | Create | Cavalry Archer |
| 25:57 | Create | Villager (Male) |
| 25:58 | Create | Villager (Male) |
| 25:58 | Create | Villager (Male) |
| 26:25 | Create | Scorpion |
| 26:37 | Create | Villager (Male) |
| 26:37 | Create | Villager (Male) |
| 27:00 | Build | Town Center |
| 27:18 | Create | Scorpion |
| 27:19 | Create | Villager (Male) |
Build order — alican43
First 150 of 591 actions detected
| 0:11 | Build | Town Center |
| 1:59 | Build | House |
| 2:41 | Create | Villager (Male) |
| 2:41 | Create | Villager (Male) |
| 2:41 | Create | Villager (Male) |
| 2:42 | Create | Villager (Male) |
| 3:33 | Create | Villager (Male) |
| 3:41 | Build | Lumber Camp |
| 4:20 | Create | Villager (Male) |
| 4:42 | Build | House |
| 5:07 | Create | Villager (Male) |
| 5:08 | Create | Villager (Male) |
| 5:52 | Create | Villager (Male) |
| 5:52 | Create | Villager (Male) |
| 6:38 | Create | Villager (Male) |
| 6:38 | Create | Villager (Male) |
| 6:41 | Build | House |
| 7:10 | Create | Villager (Male) |
| 7:52 | Create | Villager (Male) |
| 7:53 | Create | Villager (Male) |
| 8:00 | Build | House |
| 8:17 | Create | Villager (Male) |
| 8:33 | Create | Villager (Male) |
| 8:33 | Create | Villager (Male) |
| 8:48 | Create | Villager (Male) |
| 9:31 | Build | Mining Camp |
| 9:55 | Create | Villager (Male) |
| 10:14 | Build | Mill |
| 10:27 | Create | Villager (Male) |
| 10:41 | Build | House |
| 10:43 | Build | Palisade Wall |
| 10:45 | Build | Palisade Wall |
| 10:55 | Create | Villager (Male) |
| 10:56 | Research | Feudal Age |
| 11:09 | Build | House |
| 11:12 | Build | Palisade Wall |
| 11:18 | Build | Palisade Wall |
| 11:24 | Build | Palisade Gate |
| 12:14 | Research | Loom |
| 12:44 | Age | Feudal Age |
| 12:49 | Build | Market |
| 12:56 | Build | Blacksmith |
| 13:02 | Create | Villager (Male) |
| 13:04 | Create | Villager (Male) |
| 14:14 | Research | Castle Age |
| 14:48 | Research | Double-Bit Axe |
| 15:24 | Build | House |
| 15:25 | Build | House |
| 15:50 | Age | Castle Age |
| 15:51 | Build | Town Center |
| 15:52 | Create | Villager (Male) |
| 15:53 | Create | Villager (Male) |
| 16:03 | Create | Villager (Male) |
| 16:04 | Create | Villager (Male) |
| 16:30 | Build | Town Center |
| 16:39 | Research | Bow Saw |
| 16:52 | Create | Villager (Male) |
| 17:22 | Create | Villager (Male) |
| 17:30 | Create | Villager (Male) |
| 17:31 | Create | Villager (Male) |
| 17:36 | Build | Farm |
| 17:42 | Create | Villager (Male) |
| 17:54 | Research | Horse Collar |
| 17:55 | Create | Villager (Male) |
| 18:04 | Create | Villager (Male) |
| 18:04 | Create | Villager (Male) |
| 18:15 | Build | Farm |
| 18:19 | Build | Farm |
| 18:21 | Create | Villager (Male) |
| 18:22 | Create | Villager (Male) |
| 18:22 | Create | Villager (Male) |
| 18:27 | Create | Villager (Male) |
| 18:35 | Create | Villager (Male) |
| 18:40 | Create | Villager (Male) |
| 18:40 | Create | Villager (Male) |
| 18:51 | Create | Villager (Male) |
| 18:59 | Create | Villager (Male) |
| 19:09 | Create | Villager (Male) |
| 19:13 | Create | Villager (Male) |
| 19:24 | Create | Villager (Male) |
| 19:33 | Create | Villager (Male) |
| 19:43 | Build | Town Center |
| 19:46 | Create | Villager (Male) |
| 19:46 | Create | Villager (Male) |
| 20:00 | Create | Villager (Male) |
| 20:00 | Create | Villager (Male) |
| 20:14 | Create | Villager (Male) |
| 20:21 | Build | Farm |
| 20:22 | Build | Farm |
| 20:24 | Build | Farm |
| 20:30 | Create | Villager (Male) |
| 20:36 | Create | Villager (Male) |
| 20:41 | Build | Farm |
| 20:42 | Build | Farm |
| 20:43 | Build | Farm |
| 20:44 | Build | Farm |
| 20:46 | Build | Farm |
| 20:48 | Create | Villager (Male) |
| 20:49 | Create | Villager (Male) |
| 20:55 | Research | Heavy Plow |
| 21:03 | Create | Villager (Male) |
| 21:07 | Create | Villager (Male) |
| 21:11 | Create | Villager (Male) |
| 21:19 | Build | Siege Workshop |
| 21:23 | Create | Villager (Male) |
| 21:23 | Create | Villager (Male) |
| 21:33 | Create | Villager (Male) |
| 21:36 | Build | House |
| 21:37 | Build | House |
| 21:38 | Build | House |
| 21:43 | Create | Villager (Male) |
| 21:48 | Create | Villager (Male) |
| 21:50 | Create | Villager (Male) |
| 21:54 | Create | Scorpion |
| 22:11 | Research | Wheelbarrow |
| 22:13 | Create | Villager (Male) |
| 22:13 | Create | Villager (Male) |
| 22:30 | Create | Scorpion |
| 22:33 | Create | Villager (Male) |
| 22:33 | Create | Villager (Male) |
| 22:33 | Create | Villager (Male) |
| 22:41 | Create | Villager (Male) |
| 22:41 | Create | Villager (Male) |
| 22:50 | Create | Scorpion |
| 22:52 | Create | Villager (Male) |
| 22:52 | Create | Villager (Male) |
| 23:00 | Create | Villager (Male) |
| 23:09 | Build | Farm |
| 23:10 | Build | Farm |
| 23:12 | Build | Farm |
| 23:13 | Create | Villager (Male) |
| 23:14 | Create | Villager (Male) |
| 23:31 | Build | Farm |
| 23:32 | Build | Farm |
| 23:32 | Build | Farm |
| 23:32 | Build | Farm |
| 23:32 | Build | Farm |
| 23:33 | Build | Farm |
| 23:33 | Build | Farm |
| 23:41 | Create | Villager (Male) |
| 23:42 | Create | Villager (Male) |
| 23:52 | Create | Villager (Male) |
| 23:55 | Build | House |
| 23:55 | Build | House |
| 24:00 | Build | Mining Camp |
| 24:08 | Create | Villager (Male) |
| 24:08 | Create | Villager (Male) |
| 24:15 | Create | Scorpion |
| 24:17 | Create | Villager (Male) |
| 24:21 | Build | House |
Build order — DomDom
First 150 of 477 actions detected
| 0:51 | Build | Town Center |
| 2:19 | Build | House |
| 3:09 | Create | Villager (Male) |
| 3:09 | Create | Villager (Male) |
| 3:10 | Create | Villager (Male) |
| 3:10 | Create | Villager (Male) |
| 4:05 | Create | Villager (Male) |
| 4:08 | Build | House |
| 4:22 | Build | House |
| 5:08 | Build | Lumber Camp |
| 5:16 | Create | Villager (Male) |
| 5:16 | Create | Villager (Male) |
| 5:19 | Build | House |
| 5:41 | Create | Villager (Male) |
| 6:00 | Build | House |
| 6:10 | Build | House |
| 6:18 | Build | House |
| 6:28 | Create | Villager (Male) |
| 6:29 | Create | Villager (Male) |
| 6:32 | Create | Villager (Male) |
| 7:21 | Build | House |
| 7:26 | Create | Villager (Male) |
| 7:43 | Create | Villager (Male) |
| 7:43 | Create | Villager (Male) |
| 7:58 | Create | Villager (Male) |
| 7:58 | Create | Villager (Male) |
| 8:03 | Create | Villager (Male) |
| 8:03 | Create | Villager (Male) |
| 8:20 | Create | Villager (Male) |
| 8:47 | Build | Mill |
| 8:53 | Create | Villager (Male) |
| 9:00 | Create | Villager (Male) |
| 9:12 | Create | Villager (Male) |
| 9:19 | Build | House |
| 10:20 | Build | Mining Camp |
| 10:32 | Research | Loom |
| 10:41 | Research | Feudal Age |
| 11:09 | Create | Villager (Male) |
| 11:25 | Build | Barracks |
| 11:28 | Create | Villager (Male) |
| 11:38 | Create | Villager (Male) |
| 13:16 | Age | Feudal Age |
| 13:20 | Create | Villager (Male) |
| 13:24 | Build | Blacksmith |
| 13:27 | Build | Stable |
| 13:30 | Create | Villager (Male) |
| 13:36 | Build | House |
| 14:12 | Build | Palisade Wall |
| 14:22 | Build | House |
| 14:30 | Build | House |
| 14:38 | Build | Palisade Wall |
| 14:47 | Build | Palisade Wall |
| 14:53 | Build | Palisade Wall |
| 15:02 | Create | Villager (Male) |
| 15:04 | Build | Palisade Gate |
| 15:15 | Research | Castle Age |
| 15:15 | Research | Castle Age |
| 15:46 | Research | Double-Bit Axe |
| 16:03 | Build | House |
| 16:05 | Create | Villager (Male) |
| 16:13 | Build | Pasture |
| 16:24 | Build | Pasture |
| 16:57 | Research | Forging |
| 17:16 | Build | Pasture |
| 17:31 | Build | House |
| 18:01 | Age | Castle Age |
| 18:02 | Build | Siege Workshop |
| 18:04 | Create | Steppe Lancer |
| 18:18 | Create | Villager (Male) |
| 18:25 | Create | Steppe Lancer |
| 18:44 | Create | Iron Pagoda |
| 18:46 | Build | House |
| 18:50 | Create | Villager (Male) |
| 18:56 | Build | Pasture |
| 18:59 | Create | Villager (Male) |
| 19:17 | Create | Iron Pagoda |
| 19:19 | Build | House |
| 19:26 | Create | Villager (Male) |
| 19:50 | Create | Iron Pagoda |
| 19:54 | Create | Steppe Lancer |
| 19:58 | Build | Pasture |
| 20:15 | Create | Villager (Male) |
| 20:29 | Build | Market |
| 20:36 | Create | Steppe Lancer |
| 20:49 | Create | Villager (Male) |
| 20:52 | Build | Pasture |
| 21:04 | Build | Pasture |
| 21:20 | Create | Steppe Lancer |
| 21:29 | Create | Villager (Male) |
| 21:37 | Build | House |
| 21:43 | Create | Steppe Lancer |
| 21:52 | Create | Battering Ram |
| 21:58 | Research | Town Watch |
| 22:14 | Build | House |
| 22:17 | Create | Villager (Male) |
| 22:37 | Create | Steppe Lancer |
| 22:39 | Create | Villager (Male) |
| 22:42 | Build | Pasture |
| 23:10 | Create | Villager (Male) |
| 23:11 | Build | House |
| 23:13 | Create | Steppe Lancer |
| 23:13 | Create | Steppe Lancer |
| 23:13 | Create | Villager (Male) |
| 23:31 | Create | Steppe Lancer |
| 23:31 | Create | Villager (Male) |
| 23:33 | Build | Pasture |
| 23:59 | Create | Villager (Male) |
| 23:59 | Create | Villager (Male) |
| 24:00 | Create | Steppe Lancer |
| 24:11 | Build | House |
| 24:12 | Create | Villager (Male) |
| 24:14 | Build | Town Center |
| 24:21 | Create | Villager (Male) |
| 24:42 | Create | Steppe Lancer |
| 24:42 | Create | Villager (Male) |
| 24:42 | Create | Villager (Male) |
| 25:00 | Create | Villager (Male) |
| 25:01 | Create | Villager (Male) |
| 25:01 | Create | Villager (Male) |
| 25:23 | Create | Steppe Lancer |
| 25:23 | Create | Villager (Male) |
| 25:27 | Build | Pasture |
| 25:33 | Research | Tech 1014 |
| 26:06 | Build | House |
| 26:17 | Create | Villager (Male) |
| 26:17 | Create | Villager (Male) |
| 26:19 | Build | Pasture |
| 26:20 | Create | Villager (Male) |
| 26:20 | Create | Villager (Male) |
| 26:26 | Create | Villager (Male) |
| 26:26 | Create | Villager (Male) |
| 26:32 | Create | Villager (Male) |
| 26:43 | Build | House |
| 26:45 | Create | Villager (Male) |
| 26:51 | Build | Town Center |
| 26:52 | Create | Villager (Male) |
| 27:17 | Create | Villager (Male) |
| 27:20 | Build | Pasture |
| 27:20 | Create | Villager (Male) |
| 27:25 | Create | Villager (Male) |
| 27:45 | Create | Villager (Male) |
| 27:45 | Create | Villager (Male) |
| 27:46 | Create | Villager (Male) |
| 27:49 | Create | Villager (Male) |
| 27:58 | Build | Stable |
| 27:59 | Build | Stable |
| 28:00 | Build | Stable |
| 28:08 | Build | Pasture |
| 28:09 | Create | Villager (Male) |
| 28:17 | Create | Villager (Male) |
Build order — BombacıMülayim
First 150 of 292 actions detected
| 1:03 | Build | Town Center |
| 3:11 | Create | Villager (Male) |
| 3:16 | Create | Villager (Male) |
| 3:32 | Create | Villager (Male) |
| 3:32 | Create | Villager (Male) |
| 4:33 | Build | Lumber Camp |
| 4:50 | Create | Villager (Male) |
| 5:11 | Create | Villager (Male) |
| 5:36 | Create | Villager (Male) |
| 5:53 | Create | Villager (Male) |
| 6:26 | Create | Villager (Male) |
| 6:49 | Create | Villager (Male) |
| 7:12 | Create | Villager (Male) |
| 7:37 | Create | Villager (Male) |
| 7:50 | Build | Mill |
| 7:56 | Create | Villager (Male) |
| 8:24 | Create | Villager (Male) |
| 8:43 | Create | Villager (Male) |
| 9:21 | Create | Villager (Male) |
| 9:39 | Research | Loom |
| 9:43 | Build | Palisade Wall |
| 9:52 | Create | Villager (Male) |
| 10:07 | Create | Villager (Male) |
| 10:38 | Build | Palisade Wall |
| 10:39 | Build | Palisade Wall |
| 11:01 | Build | Palisade Wall |
| 11:12 | Research | Feudal Age |
| 11:18 | Build | Palisade Wall |
| 11:19 | Build | Palisade Wall |
| 11:32 | Build | Barracks |
| 11:59 | Build | Palisade Wall |
| 12:04 | Build | Palisade Wall |
| 12:06 | Build | Palisade Wall |
| 12:07 | Build | Palisade Wall |
| 12:08 | Build | Palisade Wall |
| 12:23 | Build | Palisade Wall |
| 12:31 | Build | Palisade Wall |
| 13:04 | Build | Palisade Wall |
| 13:22 | Age | Feudal Age |
| 13:25 | Build | Palisade Wall |
| 13:29 | Build | Stable |
| 13:36 | Build | Palisade Gate |
| 13:51 | Build | Palisade Wall |
| 13:57 | Build | Watch Tower |
| 14:03 | Create | Villager (Male) |
| 14:41 | Create | Villager (Male) |
| 14:54 | Build | Blacksmith |
| 15:05 | Create | Villager (Male) |
| 15:43 | Research | Castle Age |
| 15:43 | Research | Castle Age |
| 16:01 | Build | Palisade Wall |
| 16:03 | Build | Palisade Wall |
| 16:20 | Build | Stone Wall |
| 16:27 | Build | Mining Camp |
| 17:03 | Build | Stone Wall |
| 17:27 | Build | Palisade Wall |
| 17:28 | Build | Palisade Wall |
| 17:30 | Build | Palisade Gate |
| 17:35 | Create | Villager (Male) |
| 18:00 | Create | Villager (Male) |
| 18:14 | Build | Market |
| 18:23 | Age | Castle Age |
| 18:25 | Create | Knight |
| 18:25 | Create | Knight |
| 18:36 | Build | Town Center |
| 19:11 | Build | Palisade Wall |
| 19:15 | Build | Palisade Wall |
| 19:58 | Create | Villager (Male) |
| 20:02 | Build | Monastery |
| 20:06 | Create | Villager (Male) |
| 20:25 | Create | Villager (Male) |
| 20:26 | Create | Villager (Male) |
| 20:51 | Create | Villager (Male) |
| 20:51 | Create | Villager (Male) |
| 21:00 | Build | Farm |
| 21:01 | Build | Farm |
| 21:24 | Build | Farm |
| 22:02 | Create | Villager (Male) |
| 22:23 | Create | Villager (Male) ×2 |
| 22:28 | Create | Monk |
| 22:57 | Build | Palisade Wall |
| 22:57 | Create | Monk |
| 23:04 | Build | Palisade Wall |
| 23:07 | Build | Palisade Wall |
| 23:08 | Build | Palisade Wall |
| 23:11 | Build | Palisade Wall |
| 23:20 | Build | Palisade Wall |
| 23:21 | Build | Palisade Wall |
| 23:22 | Build | Palisade Wall |
| 23:25 | Build | Palisade Wall |
| 23:27 | Build | Palisade Wall |
| 23:29 | Create | Villager (Male) |
| 23:35 | Build | Palisade Wall |
| 23:37 | Build | Palisade Wall |
| 23:39 | Build | Palisade Wall |
| 23:41 | Build | Palisade Gate |
| 24:00 | Build | Palisade Wall |
| 24:16 | Create | Villager (Male) |
| 25:50 | Create | Villager (Male) |
| 25:50 | Create | Villager (Male) |
| 26:06 | Build | Palisade Wall |
| 26:14 | Build | Town Center |
| 26:35 | Build | Farm |
| 26:37 | Build | Farm |
| 26:43 | Build | Palisade Gate |
| 26:44 | Build | Palisade Wall |
| 27:04 | Build | Farm |
| 27:22 | Create | Villager (Male) |
| 27:29 | Build | Palisade Wall |
| 27:31 | Build | Palisade Wall |
| 27:31 | Build | Palisade Wall |
| 27:56 | Build | Palisade Wall |
| 27:57 | Create | Villager (Male) |
| 28:01 | Build | Farm |
| 28:42 | Create | Villager (Male) |
| 29:06 | Create | Villager (Male) |
| 29:13 | Create | Knight |
| 29:55 | Create | Villager (Male) |
| 30:02 | Create | Villager (Male) |
| 30:21 | Create | Villager (Male) |
| 30:44 | Build | Farm |
| 30:53 | Create | Knight |
| 30:53 | Create | Knight |
| 30:56 | Build | Farm |
| 31:08 | Create | Knight |
| 31:22 | Create | Villager (Male) |
| 31:25 | Build | Farm |
| 31:29 | Create | Villager (Male) |
| 31:48 | Create | Villager (Male) |
| 31:59 | Create | Villager (Male) |
| 32:06 | Create | Villager (Male) ×2 |
| 32:13 | Create | Villager (Male) |
| 32:28 | Create | Villager (Male) |
| 32:51 | Create | Villager (Male) ×3 |
| 33:01 | Create | Villager (Male) ×2 |
| 33:23 | Create | Villager (Male) |
| 33:30 | Create | Villager (Male) ×4 |
| 33:31 | Build | Farm |
| 33:46 | Create | Villager (Male) |
| 33:55 | Research | Double-Bit Axe |
| 33:57 | Create | Villager (Male) ×2 |
| 34:13 | Create | Villager (Male) |
| 34:17 | Build | Farm |
| 34:23 | Create | Villager (Male) |
| 34:27 | Build | Farm |
| 34:40 | Build | Farm |
| 34:40 | Build | Farm |
| 34:49 | Research | Horse Collar |
| 34:49 | Research | Horse Collar |
| 35:05 | Create | Villager (Male) ×5 |
Build order — Maverick_Taha
First 150 of 478 actions detected
| 0:07 | Build | Town Center |
| 1:32 | Build | House |
| 2:22 | Create | Villager (Male) |
| 2:22 | Create | Villager (Male) |
| 2:22 | Create | Villager (Male) |
| 2:24 | Create | Villager (Male) |
| 2:25 | Create | Villager (Male) |
| 2:31 | Create | Villager (Male) |
| 3:11 | Create | Villager (Male) |
| 4:08 | Create | Villager (Male) |
| 4:08 | Create | Villager (Male) |
| 4:09 | Create | Villager (Male) |
| 4:15 | Build | House |
| 4:51 | Research | Loom |
| 4:52 | Create | Villager (Male) |
| 4:52 | Create | Villager (Male) |
| 5:09 | Create | Villager (Male) |
| 5:09 | Create | Villager (Male) |
| 5:21 | Create | Villager (Male) |
| 5:51 | Create | Villager (Male) |
| 5:52 | Create | Villager (Male) |
| 6:01 | Create | Villager (Male) |
| 6:17 | Create | Villager (Male) |
| 6:17 | Create | Villager (Male) |
| 6:26 | Build | House |
| 6:35 | Create | Villager (Male) |
| 6:50 | Create | Villager (Male) |
| 7:10 | Create | Villager (Male) |
| 7:11 | Build | House |
| 7:40 | Create | Villager (Male) |
| 8:10 | Build | Lumber Camp |
| 8:51 | Create | Villager (Male) |
| 10:18 | Build | Mill |
| 10:47 | Research | Feudal Age |
| 11:58 | Build | House |
| 12:57 | Age | Feudal Age |
| 13:01 | Create | Villager (Male) |
| 13:09 | Build | Market |
| 13:12 | Build | Palisade Wall |
| 13:14 | Build | Palisade Wall |
| 13:18 | Build | Blacksmith |
| 13:21 | Create | Villager (Male) |
| 13:39 | Build | Mining Camp |
| 13:50 | Create | Villager (Male) |
| 14:24 | Create | Villager (Male) |
| 14:41 | Research | Castle Age |
| 15:28 | Build | Palisade Wall |
| 15:31 | Research | Double-Bit Axe |
| 15:33 | Research | Horse Collar |
| 17:29 | Age | Castle Age |
| 17:35 | Build | Town Center |
| 17:36 | Create | Villager (Male) |
| 17:36 | Create | Villager (Male) |
| 17:42 | Build | Town Center |
| 17:47 | Build | House |
| 17:50 | Research | Bow Saw |
| 17:52 | Create | Villager (Male) |
| 17:52 | Create | Villager (Male) |
| 18:32 | Create | Villager (Male) |
| 18:39 | Build | Town Center |
| 18:46 | Create | Villager (Male) |
| 18:59 | Create | Villager (Male) |
| 18:59 | Create | Villager (Male) |
| 19:10 | Create | Villager (Male) |
| 19:15 | Create | Villager (Male) |
| 19:32 | Research | Stone Mining |
| 19:57 | Create | Villager (Male) |
| 20:05 | Create | Villager (Male) |
| 20:06 | Create | Villager (Male) |
| 20:08 | Build | Barracks |
| 20:21 | Create | Villager (Male) |
| 20:22 | Create | Villager (Male) |
| 20:22 | Create | Villager (Male) |
| 20:44 | Build | Watch Tower |
| 20:47 | Build | House |
| 20:50 | Build | Stone Wall |
| 21:05 | Create | Villager (Male) |
| 21:05 | Create | Villager (Male) |
| 21:05 | Create | Villager (Male) |
| 21:06 | Create | Villager (Male) |
| 21:23 | Create | Villager (Male) |
| 21:23 | Create | Villager (Male) |
| 21:28 | Create | Villager (Male) |
| 21:29 | Create | Villager (Male) |
| 21:31 | Build | Stable |
| 21:32 | Create | Villager (Male) |
| 21:32 | Create | Villager (Male) |
| 21:37 | Create | Villager (Male) |
| 21:38 | Create | Villager (Male) |
| 21:52 | Create | Villager (Male) |
| 22:02 | Create | Villager (Male) |
| 22:31 | Create | Villager (Male) |
| 22:32 | Create | Villager (Male) |
| 22:34 | Build | Farm |
| 22:34 | Build | Farm |
| 22:36 | Create | Villager (Male) |
| 22:36 | Create | Villager (Male) |
| 22:53 | Build | Stone Wall |
| 23:06 | Create | Villager (Male) |
| 23:06 | Create | Villager (Male) |
| 23:06 | Create | Villager (Male) |
| 23:06 | Create | Villager (Male) |
| 23:07 | Create | Villager (Male) |
| 23:13 | Build | Farm |
| 23:16 | Create | Villager (Male) |
| 23:16 | Create | Villager (Male) |
| 23:17 | Build | House |
| 23:17 | Build | House |
| 23:25 | Research | Wheelbarrow |
| 23:28 | Create | Villager (Male) |
| 23:28 | Create | Villager (Male) |
| 23:38 | Create | Villager (Male) |
| 23:38 | Create | Villager (Male) |
| 23:50 | Create | Knight |
| 23:57 | Create | Villager (Male) |
| 24:09 | Create | Villager (Male) |
| 24:21 | Build | Stone Wall |
| 24:22 | Build | Stone Wall |
| 24:23 | Build | Stone Wall |
| 24:24 | Build | Stone Wall |
| 24:34 | Build | Farm |
| 24:35 | Build | Farm |
| 24:37 | Build | Farm |
| 24:40 | Create | Knight |
| 24:40 | Create | Knight |
| 24:47 | Build | Monastery |
| 24:52 | Build | Monastery |
| 24:54 | Create | Villager (Male) |
| 24:55 | Create | Villager (Male) |
| 24:55 | Create | Villager (Male) |
| 24:59 | Build | House |
| 24:59 | Build | House |
| 25:00 | Build | House |
| 25:24 | Build | Castle |
| 25:26 | Create | Villager (Male) |
| 25:26 | Create | Villager (Male) |
| 25:37 | Create | Monk |
| 25:37 | Create | Monk |
| 25:46 | Build | Farm |
| 25:46 | Build | Farm |
| 25:47 | Create | Villager (Male) |
| 25:47 | Create | Villager (Male) |
| 26:00 | Build | Farm |
| 26:01 | Build | Farm |
| 26:04 | Build | Farm |
| 26:04 | Build | Farm |
| 26:06 | Create | Villager (Male) |
| 26:06 | Create | Villager (Male) |
| 26:06 | Create | Villager (Male) |
| 26:14 | Build | Farm |
Build order — Edelreiss
First 150 of 600 actions detected
| 0:11 | Build | Town Center |
| 2:16 | Build | House |
| 2:16 | Build | House |
| 2:18 | Create | Villager (Male) |
| 2:19 | Create | Villager (Male) |
| 2:19 | Create | Villager (Male) |
| 2:20 | Create | Villager (Male) |
| 2:20 | Create | Villager (Male) |
| 2:59 | Create | Villager (Male) |
| 3:42 | Create | Villager (Male) |
| 4:07 | Create | Villager (Male) |
| 4:14 | Build | House |
| 4:16 | Build | House |
| 4:18 | Create | Villager (Male) |
| 4:46 | Create | Villager (Male) |
| 5:04 | Create | Villager (Male) |
| 5:12 | Build | Lumber Camp |
| 5:21 | Create | Villager (Male) |
| 6:01 | Create | Villager (Male) |
| 6:01 | Create | Villager (Male) |
| 6:16 | Create | Villager (Male) |
| 6:29 | Create | Villager (Male) |
| 7:07 | Create | Villager (Male) |
| 7:10 | Create | Villager (Male) |
| 7:10 | Create | Villager (Male) |
| 7:10 | Create | Villager (Male) |
| 7:10 | Create | Villager (Male) |
| 7:23 | Create | Villager (Male) |
| 7:36 | Build | House |
| 7:39 | Create | Villager (Male) |
| 8:05 | Create | Villager (Male) |
| 8:10 | Build | Mill |
| 8:21 | Build | House |
| 8:39 | Create | Villager (Male) |
| 9:00 | Create | Villager (Male) |
| 9:54 | Build | Mining Camp |
| 10:02 | Research | Loom |
| 10:13 | Research | Feudal Age |
| 10:37 | Create | Villager (Male) |
| 10:37 | Create | Villager (Male) |
| 11:51 | Build | Barracks |
| 12:49 | Age | Feudal Age |
| 12:50 | Build | Blacksmith |
| 13:00 | Build | Archery Range |
| 13:26 | Research | Double-Bit Axe |
| 13:36 | Build | House |
| 13:42 | Research | Castle Age |
| 13:42 | Research | Castle Age |
| 13:47 | Build | House |
| 13:53 | Research | Double-Bit Axe |
| 13:53 | Research | Double-Bit Axe |
| 14:05 | Build | House |
| 14:21 | Build | House |
| 14:29 | Build | Palisade Gate |
| 14:30 | Build | Palisade Wall |
| 14:34 | Create | Villager (Male) |
| 15:08 | Research | Fletching |
| 15:08 | Research | Fletching |
| 15:08 | Research | Fletching |
| 15:21 | Build | Archery Range |
| 15:44 | Create | Villager (Male) |
| 15:52 | Build | House |
| 16:22 | Age | Castle Age |
| 16:23 | Create | Cavalry Archer |
| 16:23 | Create | Cavalry Archer |
| 16:27 | Create | Cavalry Archer |
| 16:28 | Create | Villager (Male) |
| 16:46 | Create | Cavalry Archer |
| 16:47 | Create | Villager (Male) |
| 16:56 | Build | University |
| 16:58 | Create | Villager (Male) |
| 17:08 | Create | Cavalry Archer |
| 17:08 | Create | Cavalry Archer |
| 17:08 | Create | Cavalry Archer |
| 17:09 | Create | Villager (Male) |
| 17:09 | Create | Villager (Male) |
| 17:11 | Create | Villager (Male) |
| 17:15 | Create | Cavalry Archer |
| 17:16 | Create | Cavalry Archer |
| 17:31 | Research | Bodkin Arrow |
| 17:31 | Research | Bodkin Arrow |
| 17:44 | Create | Villager (Male) |
| 17:44 | Create | Villager (Male) |
| 18:15 | Create | Villager (Male) |
| 18:16 | Build | Farm |
| 18:31 | Create | Villager (Male) |
| 18:47 | Create | Villager (Male) |
| 18:50 | Research | Ballistics |
| 18:50 | Research | Ballistics |
| 19:09 | Create | Villager (Male) |
| 19:09 | Create | Villager (Male) |
| 19:11 | Build | Farm |
| 19:12 | Build | Farm |
| 19:13 | Build | Farm |
| 19:26 | Create | Cavalry Archer |
| 19:26 | Create | Cavalry Archer |
| 19:27 | Create | Villager (Male) |
| 19:48 | Create | Villager (Male) |
| 19:51 | Build | Town Center |
| 20:03 | Create | Cavalry Archer |
| 20:04 | Create | Cavalry Archer |
| 20:04 | Create | Cavalry Archer |
| 20:05 | Create | Villager (Male) |
| 20:09 | Create | Villager (Male) |
| 20:27 | Create | Villager (Male) |
| 20:28 | Create | Cavalry Archer |
| 20:28 | Create | Cavalry Archer |
| 20:29 | Create | Cavalry Archer |
| 20:39 | Create | Villager (Male) |
| 20:41 | Create | Cavalry Archer |
| 20:41 | Create | Cavalry Archer |
| 20:41 | Create | Cavalry Archer |
| 20:53 | Create | Villager (Male) |
| 21:06 | Create | Cavalry Archer |
| 21:06 | Create | Cavalry Archer |
| 21:06 | Create | Villager (Male) |
| 21:15 | Create | Villager (Male) |
| 21:24 | Build | House |
| 21:27 | Create | Cavalry Archer |
| 21:27 | Create | Cavalry Archer |
| 21:30 | Create | Villager (Male) |
| 21:40 | Create | Villager (Male) |
| 21:51 | Build | House |
| 22:07 | Create | Villager (Male) |
| 22:11 | Create | Cavalry Archer ×3 |
| 22:11 | Create | Cavalry Archer ×3 |
| 22:17 | Create | Villager (Male) |
| 22:25 | Build | Farm |
| 22:26 | Create | Villager (Male) |
| 22:33 | Research | Horse Collar |
| 22:33 | Research | Horse Collar |
| 22:45 | Create | Cavalry Archer |
| 22:45 | Create | Cavalry Archer |
| 22:53 | Create | Villager (Male) |
| 23:01 | Create | Villager (Male) |
| 23:02 | Create | Villager (Male) |
| 23:02 | Create | Villager (Male) |
| 23:11 | Build | Farm |
| 23:11 | Build | Farm |
| 23:11 | Build | Farm |
| 23:11 | Build | Farm |
| 23:12 | Build | Farm |
| 23:12 | Build | Farm |
| 23:22 | Create | Villager (Male) |
| 23:39 | Create | Cavalry Archer ×4 |
| 23:39 | Create | Cavalry Archer ×4 |
| 23:39 | Create | Villager (Male) |
| 23:45 | Create | Villager (Male) |
| 23:54 | Build | House |
| 23:58 | Create | Villager (Male) |
Build order — Theos
First 150 of 562 actions detected
| 1:13 | Build | Town Center |
| 3:10 | Create | Villager (Male) |
| 3:11 | Create | Villager (Male) |
| 3:12 | Build | House |
| 3:13 | Create | Villager (Male) |
| 3:14 | Create | Villager (Male) |
| 4:00 | Create | Villager (Male) |
| 4:32 | Create | Villager (Male) |
| 4:37 | Build | House |
| 4:58 | Create | Villager (Male) |
| 5:20 | Build | House |
| 5:47 | Create | Villager (Male) |
| 5:48 | Build | House |
| 5:49 | Create | Villager (Male) |
| 6:12 | Create | Villager (Male) |
| 6:14 | Build | Lumber Camp |
| 6:15 | Create | Villager (Male) |
| 6:57 | Create | Villager (Male) |
| 7:08 | Create | Villager (Male) |
| 8:07 | Create | Villager (Male) |
| 8:22 | Build | House |
| 8:29 | Create | Villager (Male) |
| 8:47 | Build | Mill |
| 8:51 | Research | Loom |
| 9:29 | Research | Feudal Age |
| 9:31 | Research | Loom |
| 10:01 | Create | Villager (Male) |
| 10:02 | Create | Villager (Male) |
| 10:12 | Build | House |
| 10:56 | Build | House |
| 11:12 | Build | House |
| 11:22 | Build | Barracks |
| 11:27 | Build | House |
| 11:39 | Age | Feudal Age |
| 12:09 | Build | Stable |
| 12:14 | Create | Villager (Male) |
| 12:26 | Build | House |
| 12:28 | Create | Villager (Male) |
| 12:44 | Create | Villager (Male) |
| 12:58 | Build | House |
| 13:04 | Create | Scout Cavalry |
| 13:04 | Create | Scout Cavalry |
| 13:07 | Create | Spearman |
| 13:12 | Research | Double-Bit Axe |
| 13:28 | Build | Palisade Wall |
| 13:35 | Create | Scout Cavalry |
| 13:49 | Build | Palisade Wall |
| 13:54 | Create | Scout Cavalry |
| 13:59 | Create | Villager (Male) |
| 14:05 | Build | House |
| 14:14 | Build | House |
| 14:16 | Create | Villager (Male) |
| 14:23 | Build | House |
| 14:30 | Build | House |
| 14:38 | Create | Scout Cavalry |
| 14:40 | Build | House |
| 14:47 | Create | Villager (Male) |
| 14:49 | Build | House |
| 14:50 | Build | Palisade Wall |
| 15:05 | Create | Villager (Male) |
| 15:11 | Build | House |
| 15:16 | Create | Villager (Male) |
| 15:31 | Research | Horse Collar |
| 15:35 | Build | Palisade Wall |
| 15:41 | Create | Villager (Male) |
| 15:44 | Build | Farm |
| 15:44 | Build | Farm |
| 15:47 | Build | Blacksmith |
| 16:02 | Create | Villager (Male) |
| 16:06 | Build | Farm |
| 16:23 | Create | Villager (Male) |
| 16:25 | Build | Farm |
| 16:37 | Build | Mining Camp |
| 16:49 | Create | Villager (Male) |
| 17:08 | Create | Villager (Male) |
| 17:28 | Build | Palisade Wall |
| 17:32 | Create | Villager (Male) |
| 17:51 | Create | Scout Cavalry |
| 18:17 | Build | Stable |
| 18:34 | Research | Castle Age |
| 19:02 | Research | Forging |
| 19:32 | Build | House |
| 19:35 | Research | Scale Barding Armor |
| 19:41 | Research | Bloodlines |
| 19:48 | Build | Mill |
| 19:49 | Build | Farm |
| 19:49 | Build | Farm |
| 19:49 | Build | Farm |
| 19:50 | Build | Farm |
| 20:14 | Build | Farm |
| 20:30 | Research | Scale Barding Armor |
| 20:32 | Create | Villager (Male) |
| 20:38 | Create | Villager (Male) |
| 20:41 | Build | Farm |
| 20:42 | Build | Farm |
| 20:42 | Build | Farm |
| 20:45 | Build | Farm |
| 20:54 | Create | Scout Cavalry |
| 20:54 | Create | Scout Cavalry |
| 21:24 | Create | Scout Cavalry |
| 21:26 | Age | Castle Age |
| 21:33 | Build | Town Center |
| 21:46 | Research | Light Cavalry (upgrade) |
| 21:54 | Build | Farm |
| 21:59 | Create | Villager (Male) |
| 22:07 | Build | Farm |
| 22:08 | Build | Farm |
| 22:08 | Build | Farm |
| 22:08 | Build | Farm |
| 22:09 | Create | Villager (Male) |
| 22:28 | Create | Scout Cavalry |
| 22:32 | Build | Farm |
| 22:44 | Create | Scout Cavalry |
| 22:47 | Create | Villager (Male) |
| 23:02 | Create | Villager (Male) |
| 23:10 | Create | Villager (Male) |
| 23:15 | Build | Market |
| 23:19 | Create | Villager (Male) |
| 23:22 | Build | House |
| 23:23 | Build | House |
| 23:25 | Create | Villager (Male) |
| 23:29 | Create | Villager (Male) |
| 23:44 | Research | Husbandry |
| 23:58 | Create | Villager (Male) |
| 24:03 | Research | Wheelbarrow |
| 24:19 | Create | Villager (Male) |
| 24:32 | Create | Villager (Male) |
| 24:35 | Create | Scout Cavalry |
| 24:35 | Create | Scout Cavalry |
| 24:41 | Create | Villager (Male) |
| 24:46 | Build | Town Center |
| 24:59 | Build | Farm |
| 25:04 | Create | Villager (Male) |
| 25:06 | Create | Scout Cavalry |
| 25:13 | Create | Scout Cavalry |
| 25:19 | Research | Bow Saw |
| 25:20 | Create | Villager (Male) |
| 25:21 | Build | Lumber Camp |
| 25:34 | Create | Villager (Male) |
| 25:42 | Create | Scout Cavalry |
| 25:47 | Create | Villager (Male) |
| 25:55 | Create | Scout Cavalry |
| 26:13 | Create | Villager (Male) |
| 26:13 | Create | Villager (Male) |
| 26:14 | Create | Scout Cavalry |
| 26:27 | Create | Villager (Male) |
| 26:28 | Create | Villager (Male) |
| 26:34 | Create | Villager (Male) |
| 26:48 | Create | Scout Cavalry |
| 26:49 | Create | Villager (Male) |
Build order — DuhuluDubrisi
First 150 of 396 actions detected
| 0:05 | Build | Town Center |
| 0:20 | Build | House |
| 2:08 | Create | Villager (Male) |
| 2:08 | Create | Villager (Male) |
| 2:09 | Create | Villager (Male) |
| 2:09 | Create | Villager (Male) |
| 2:09 | Create | Villager (Male) |
| 2:09 | Create | Villager (Male) |
| 3:18 | Create | Villager (Male) |
| 3:18 | Create | Villager (Male) |
| 3:18 | Create | Villager (Male) |
| 3:44 | Create | Villager (Male) |
| 3:44 | Create | Villager (Male) |
| 3:58 | Build | Lumber Camp |
| 4:04 | Create | Villager (Male) |
| 4:04 | Create | Villager (Male) |
| 4:04 | Create | Villager (Male) |
| 4:32 | Build | Lumber Camp |
| 4:38 | Create | Villager (Male) |
| 4:38 | Create | Villager (Male) |
| 4:38 | Create | Villager (Male) |
| 5:05 | Create | Villager (Male) |
| 5:06 | Create | Villager (Male) |
| 5:06 | Create | Villager (Male) |
| 5:13 | Build | House |
| 5:29 | Create | Villager (Male) |
| 5:30 | Create | Villager (Male) |
| 5:30 | Create | Villager (Male) |
| 5:59 | Create | Villager (Male) |
| 6:00 | Create | Villager (Male) |
| 6:50 | Build | Mill |
| 6:53 | Create | Villager (Male) |
| 6:53 | Create | Villager (Male) |
| 6:53 | Create | Villager (Male) |
| 7:13 | Create | Villager (Male) |
| 7:14 | Create | Villager (Male) |
| 7:14 | Create | Villager (Male) |
| 7:14 | Create | Villager (Male) |
| 7:20 | Create | Villager (Male) |
| 7:20 | Create | Villager (Male) |
| 7:21 | Create | Villager (Male) |
| 7:22 | Create | Villager (Male) |
| 7:22 | Create | Villager (Male) |
| 7:22 | Create | Villager (Male) |
| 7:34 | Create | Villager (Male) |
| 7:35 | Create | Villager (Male) |
| 7:35 | Create | Villager (Male) |
| 7:48 | Research | Loom |
| 7:50 | Build | House |
| 8:18 | Create | Villager (Male) |
| 8:22 | Create | Villager (Male) |
| 8:23 | Create | Villager (Male) |
| 8:30 | Create | Villager (Male) |
| 9:15 | Build | House |
| 9:36 | Research | Feudal Age |
| 9:37 | Research | Feudal Age |
| 9:37 | Research | Feudal Age |
| 10:16 | Create | Villager (Male) |
| 10:16 | Create | Villager (Male) |
| 10:29 | Build | Barracks |
| 10:51 | Create | Villager (Male) |
| 11:01 | Create | Militia |
| 11:01 | Create | Militia |
| 11:02 | Create | Militia |
| 11:16 | Build | Mining Camp |
| 11:34 | Build | House |
| 11:41 | Create | Militia |
| 11:46 | Age | Feudal Age |
| 12:19 | Create | Villager (Male) |
| 12:19 | Create | Villager (Male) |
| 12:19 | Create | Villager (Male) |
| 12:26 | Build | Watch Tower |
| 12:37 | Build | Farm |
| 12:38 | Create | Villager (Male) |
| 12:38 | Create | Villager (Male) |
| 13:06 | Build | Farm |
| 13:21 | Create | Villager (Male) |
| 13:22 | Create | Villager (Male) |
| 14:16 | Create | Villager (Male) |
| 14:16 | Create | Villager (Male) |
| 14:22 | Create | Villager (Male) |
| 14:22 | Create | Villager (Male) |
| 14:37 | Build | House |
| 14:44 | Research | Double-Bit Axe |
| 14:44 | Research | Double-Bit Axe |
| 14:44 | Research | Double-Bit Axe |
| 15:02 | Build | Watch Tower |
| 15:09 | Create | Villager (Male) |
| 15:09 | Create | Villager (Male) |
| 15:09 | Create | Villager (Male) |
| 15:10 | Create | Villager (Male) |
| 15:26 | Create | Spearman |
| 15:26 | Create | Spearman |
| 15:26 | Create | Spearman |
| 15:55 | Build | Farm |
| 16:07 | Build | Watch Tower |
| 16:17 | Build | House |
| 16:29 | Build | House |
| 16:45 | Create | Villager (Male) |
| 16:45 | Create | Villager (Male) |
| 16:46 | Create | Villager (Male) |
| 16:46 | Create | Villager (Male) |
| 16:54 | Build | Farm |
| 17:04 | Build | Farm |
| 17:26 | Build | House |
| 17:38 | Create | Villager (Male) |
| 17:38 | Create | Villager (Male) |
| 17:39 | Create | Villager (Male) |
| 17:54 | Build | House |
| 17:57 | Build | Watch Tower |
| 18:02 | Build | House |
| 18:04 | Build | House |
| 18:05 | Create | Villager (Male) |
| 18:05 | Create | Villager (Male) |
| 18:05 | Create | Villager (Male) |
| 18:07 | Build | House |
| 18:19 | Create | Villager (Male) |
| 18:19 | Create | Villager (Male) |
| 18:40 | Build | House |
| 18:43 | Build | Gate |
| 18:46 | Build | House |
| 18:48 | Create | Villager (Male) |
| 18:48 | Create | Villager (Male) |
| 19:11 | Build | House |
| 19:17 | Create | Villager (Male) |
| 19:17 | Create | Villager (Male) |
| 19:17 | Create | Villager (Male) |
| 19:41 | Create | Villager (Male) |
| 19:41 | Create | Villager (Male) |
| 19:42 | Create | Villager (Male) |
| 20:00 | Build | House |
| 20:02 | Build | Palisade Wall |
| 20:04 | Build | Palisade Wall |
| 20:06 | Create | Villager (Male) |
| 20:06 | Create | Villager (Male) |
| 20:07 | Create | Villager (Male) |
| 20:43 | Create | Villager (Male) |
| 20:44 | Create | Villager (Male) |
| 21:06 | Build | Lumber Camp |
| 21:18 | Create | Villager (Male) |
| 21:18 | Create | Villager (Male) |
| 21:18 | Create | Villager (Male) |
| 21:28 | Build | House |
| 21:39 | Create | Villager (Male) |
| 21:39 | Create | Villager (Male) |
| 21:39 | Create | Villager (Male) |
| 21:45 | Build | House |
| 21:48 | Build | House |
| 22:03 | Build | House |
| 22:07 | Build | Farm |
Match timeline
| 9:43 | BombacıMülayim · wall_segment Palisade Wall x6 |
| 10:29 | DuhuluDubrisi · first_building Barracks |
| 10:38 | BombacıMülayim · wall_segment Palisade Wall x1 |
| 10:39 | BombacıMülayim · wall_segment Palisade Wall x1 |
| 10:43 | alican43 · wall_segment Palisade Wall x1 |
| 10:45 | alican43 · wall_segment Palisade Wall x1 |
| 11:01 | BombacıMülayim · wall_segment Palisade Wall x1 |
| 11:12 | alican43 · wall_segment Palisade Wall x1 |
| 11:18 | BombacıMülayim · wall_segment Palisade Wall x1 |
| 11:18 | alican43 · wall_segment Palisade Wall x6 |
| 11:19 | BombacıMülayim · wall_segment Palisade Wall x1 |
| 11:22 | Theos · first_building Barracks |
| 11:25 | DomDom · first_building Barracks |
| 11:32 | BombacıMülayim · first_building Barracks |
| 11:39 | Theos · age_up feudal |
| 11:46 | DuhuluDubrisi · age_up feudal |
| 11:51 | Edelreiss · first_building Barracks |
| 11:59 | BombacıMülayim · wall_segment Palisade Wall x5 |
| 12:03 | EJDER · age_up feudal |
| 12:04 | BombacıMülayim · wall_segment Palisade Wall x1 |
| 12:06 | BombacıMülayim · wall_segment Palisade Wall x1 |
| 12:07 | BombacıMülayim · wall_segment Palisade Wall x1 |
| 12:08 | BombacıMülayim · wall_segment Palisade Wall x1 |
| 12:09 | Theos · first_building Stable |
| 12:23 | BombacıMülayim · wall_segment Palisade Wall x1 |
| 12:31 | BombacıMülayim · wall_segment Palisade Wall x1 |
| 12:44 | alican43 · age_up feudal |
| 12:45 | EJDER · wall_segment Palisade Wall x1 |
| 12:49 | Edelreiss · age_up feudal |
| 12:57 | Maverick_Taha · age_up feudal |
| 13:00 | Edelreiss · first_building Archery Range |
| 13:04 | BombacıMülayim · wall_segment Palisade Wall x5 |
| 13:05 | EJDER · wall_segment Palisade Wall x1 |
| 13:06 | EJDER · wall_segment Palisade Wall x1 |
| 13:08 | EJDER · wall_segment Palisade Wall x1 |
| 13:09 | EJDER · wall_segment Palisade Wall x1 |
| 13:12 | Maverick_Taha · wall_segment Palisade Wall x1 |
| 13:14 | Maverick_Taha · wall_segment Palisade Wall x2 |
| 13:16 | DomDom · age_up feudal |
| 13:22 | BombacıMülayim · age_up feudal |
| 13:25 | BombacıMülayim · wall_segment Palisade Wall x1 |
| 13:27 | DomDom · first_building Stable |
| 13:28 | Theos · wall_segment Palisade Wall x6 |
| 13:29 | BombacıMülayim · first_building Stable |
| 13:49 | Theos · wall_segment Palisade Wall x7 |
| 13:51 | BombacıMülayim · wall_segment Palisade Wall x1 |
| 14:03 | EJDER · wall_segment Palisade Wall x1 |
| 14:12 | DomDom · wall_segment Palisade Wall x5 |
| 14:12 | Maverick_Taha · first_market_sell 100 food |
| 14:23 | EJDER · wall_segment Palisade Wall x1 |
| 14:25 | EJDER · wall_segment Palisade Wall x1 |
| 14:30 | Edelreiss · wall_segment Palisade Wall x1 |
| 14:38 | DomDom · wall_segment Palisade Wall x7 |
| 14:47 | DomDom · wall_segment Palisade Wall x10 |
| 14:50 | Theos · wall_segment Palisade Wall x5 |
| 14:53 | DomDom · wall_segment Palisade Wall x1 |
| 15:28 | Maverick_Taha · wall_segment Palisade Wall x1 |
| 15:30 | EJDER · first_building Barracks |
| 15:35 | Theos · wall_segment Palisade Wall x2 |
| 15:37 | EJDER · wall_segment Palisade Wall x1 |
| 15:50 | alican43 · age_up castle |
| 15:59 | EJDER · age_up castle |
| 16:01 | BombacıMülayim · wall_segment Palisade Wall x1 |
| 16:03 | BombacıMülayim · wall_segment Palisade Wall x1 |
| 16:20 | BombacıMülayim · wall_segment Stone Wall x5 |
| 16:22 | Edelreiss · age_up castle |
| 16:27 | EJDER · first_building Archery Range |
| 17:03 | BombacıMülayim · wall_segment Stone Wall x2 |
| 17:27 | BombacıMülayim · wall_segment Palisade Wall x1 |
| 17:28 | BombacıMülayim · wall_segment Palisade Wall x5 |
| 17:28 | Theos · wall_segment Palisade Wall x1 |
| 17:29 | Maverick_Taha · age_up castle |
| 17:40 | alican43 · first_market_buy 100 food |
| 18:01 | DomDom · age_up castle |
| 18:02 | DomDom · first_building Siege Workshop |
| 18:12 | Maverick_Taha · first_market_buy 100 stone |
| 18:23 | BombacıMülayim · age_up castle |
| 19:11 | BombacıMülayim · wall_segment Palisade Wall x1 |
| 19:15 | BombacıMülayim · wall_segment Palisade Wall x1 |
| 20:02 | BombacıMülayim · first_building Monastery |
| 20:02 | DuhuluDubrisi · wall_segment Palisade Wall x5 |
| 20:04 | DuhuluDubrisi · wall_segment Palisade Wall x6 |
| 20:08 | Maverick_Taha · first_building Barracks |
| 20:43 | BombacıMülayim · first_market_buy 100 food |
| 20:50 | Maverick_Taha · wall_segment Stone Wall x1 |
| 21:19 | alican43 · first_building Siege Workshop |
| 21:26 | Theos · age_up castle |
| 21:31 | Maverick_Taha · first_building Stable |
| 21:58 | BombacıMülayim · first_market_sell 100 wood |
| 22:53 | Maverick_Taha · wall_segment Stone Wall x1 |
| 22:57 | BombacıMülayim · wall_segment Palisade Wall x4 |
| 23:04 | BombacıMülayim · wall_segment Palisade Wall x1 |
| 23:07 | BombacıMülayim · wall_segment Palisade Wall x1 |
| 23:08 | BombacıMülayim · wall_segment Palisade Wall x1 |
| 23:11 | BombacıMülayim · wall_segment Palisade Wall x1 |
| 23:20 | BombacıMülayim · wall_segment Palisade Wall x1 |
| 23:21 | BombacıMülayim · wall_segment Palisade Wall x1 |
| 23:22 | BombacıMülayim · wall_segment Palisade Wall x1 |
| 23:25 | BombacıMülayim · wall_segment Palisade Wall x1 |
| 23:27 | BombacıMülayim · wall_segment Palisade Wall x1 |
| 23:35 | BombacıMülayim · wall_segment Palisade Wall x1 |
| 23:37 | BombacıMülayim · wall_segment Palisade Wall x1 |
| 23:39 | BombacıMülayim · wall_segment Palisade Wall x1 |
| 24:00 | BombacıMülayim · wall_segment Palisade Wall x1 |
| 24:21 | Maverick_Taha · wall_segment Stone Wall x1 |
| 24:22 | Maverick_Taha · wall_segment Stone Wall x1 |
| 24:23 | Maverick_Taha · wall_segment Stone Wall x1 |
| 24:24 | Maverick_Taha · wall_segment Stone Wall x1 |
| 24:37 | EJDER · first_building Siege Workshop |
| 24:47 | Maverick_Taha · first_building Monastery |
| 25:17 | Theos · first_market_buy 100 food |
| 25:24 | Maverick_Taha · first_building Castle |
| 26:06 | BombacıMülayim · wall_segment Palisade Wall x1 |
| 26:37 | DomDom · first_market_buy 100 stone |
| 26:44 | BombacıMülayim · wall_segment Palisade Wall x1 |
| 26:57 | EJDER · first_market_buy 100 stone |
| 27:29 | BombacıMülayim · wall_segment Palisade Wall x1 |
| 27:31 | BombacıMülayim · wall_segment Palisade Wall x1 |
| 27:31 | BombacıMülayim · wall_segment Palisade Wall x1 |
| 27:56 | BombacıMülayim · wall_segment Palisade Wall x1 |
| 27:57 | Theos · first_building Siege Workshop |
| 28:15 | alican43 · first_building Castle |
| 28:16 | EJDER · first_market_sell 100 wood |
| 28:18 | Theos · first_market_sell 100 wood |
| 28:34 | Edelreiss · first_building Stable |
| 29:41 | Edelreiss · first_market_sell 100 wood |
| 29:42 | Edelreiss · first_market_buy 100 stone |
| 30:40 | alican43 · first_building Barracks |
| 30:47 | DuhuluDubrisi · wall_segment Stone Wall x1 |
| 31:16 | alican43 · first_building Stable |
| 32:23 | Theos · wall_segment Palisade Wall x1 |
| 32:31 | alican43 · age_up imperial |
| 33:05 | Theos · first_building Monastery |
| 33:54 | Theos · wall_segment Stone Wall x1 |
| 33:55 | Theos · wall_segment Stone Wall x1 |
| 34:15 | Theos · wall_segment Stone Wall x1 |
| 34:31 | DomDom · first_building Monastery |
| 34:52 | EJDER · first_building Castle |
| 34:55 | DuhuluDubrisi · age_up castle |
| 35:00 | DuhuluDubrisi · first_building Monastery |
| 35:02 | DomDom · first_market_sell 100 wood |
| 36:03 | EJDER · wall_segment Stone Wall x9 |
| 36:10 | EJDER · wall_segment Stone Wall x1 |
| 36:13 | EJDER · wall_segment Stone Wall x1 |
| 36:13 | Maverick_Taha · age_up imperial |
| 36:14 | EJDER · wall_segment Stone Wall x1 |
| 36:14 | EJDER · wall_segment Stone Wall x1 |
| 36:25 | Edelreiss · first_building Castle |
| 36:34 | Edelreiss · first_building Monastery |
| 36:41 | Theos · age_up imperial |
| 36:57 | DuhuluDubrisi · first_building Stable |
| 38:16 | DomDom · age_up imperial |
| 38:34 | Maverick_Taha · wall_segment Stone Wall x1 |
| 39:02 | DomDom · first_building Castle |
| 39:26 | Theos · first_building Castle |
| 40:00 | DuhuluDubrisi · age_up imperial |
| 40:24 | Edelreiss · age_up imperial |
| 41:17 | alican43 · tribute_sent a jugador 2 |
| 41:17 | alican43 · tribute_sent a jugador 3 |
| 41:17 | alican43 · tribute_sent a jugador 4 |
| 41:17 | alican43 · tribute_sent a jugador 5 |
| 41:17 | alican43 · tribute_sent a jugador 6 |
| 41:17 | alican43 · tribute_sent a jugador 7 |
| 41:17 | alican43 · tribute_sent a jugador 8 |
| 42:54 | alican43 · tribute_sent a jugador 2 |
| 42:54 | alican43 · tribute_sent a jugador 3 |
| 42:54 | alican43 · tribute_sent a jugador 4 |
| 42:54 | alican43 · tribute_sent a jugador 5 |
| 42:54 | alican43 · tribute_sent a jugador 6 |
| 42:54 | alican43 · tribute_sent a jugador 7 |
| 42:54 | alican43 · tribute_sent a jugador 8 |
| 43:09 | Maverick_Taha · tribute_sent a jugador 1 |
| 43:09 | Maverick_Taha · tribute_sent a jugador 2 |
| 43:09 | Maverick_Taha · tribute_sent a jugador 3 |
| 43:09 | Maverick_Taha · tribute_sent a jugador 5 |
| 43:09 | Maverick_Taha · tribute_sent a jugador 6 |
| 43:09 | Maverick_Taha · tribute_sent a jugador 7 |
| 43:09 | Maverick_Taha · tribute_sent a jugador 8 |
| 44:34 | BombacıMülayim · first_building Archery Range |
| 44:44 | DuhuluDubrisi · first_building Castle |
| 44:50 | DuhuluDubrisi · wall_segment Stone Wall x14 |
| 45:02 | Maverick_Taha · tribute_sent a jugador 1 |
| 45:02 | Maverick_Taha · tribute_sent a jugador 2 |
| 45:02 | Maverick_Taha · tribute_sent a jugador 3 |
| 45:02 | Maverick_Taha · tribute_sent a jugador 5 |
| 45:02 | Maverick_Taha · tribute_sent a jugador 6 |
| 45:02 | Maverick_Taha · tribute_sent a jugador 7 |
| 45:02 | Maverick_Taha · tribute_sent a jugador 8 |
| 46:00 | EJDER · age_up imperial |
| 46:03 | EJDER · wall_segment Palisade Wall x1 |
| 46:20 | BombacıMülayim · first_building Castle |
| 46:43 | Maverick_Taha · tribute_sent a jugador 1 |
| 46:43 | Maverick_Taha · tribute_sent a jugador 2 |
| 46:43 | Maverick_Taha · tribute_sent a jugador 3 |
| 46:43 | Maverick_Taha · tribute_sent a jugador 5 |
| 46:43 | Maverick_Taha · tribute_sent a jugador 6 |
| 46:43 | Maverick_Taha · tribute_sent a jugador 7 |
| 46:43 | Maverick_Taha · tribute_sent a jugador 8 |
| 46:50 | DuhuluDubrisi · first_building Archery Range |
| 47:29 | BombacıMülayim · age_up imperial |
| 47:48 | BombacıMülayim · first_building Siege Workshop |
| 48:36 | Theos · resign |
[ AI ANALYSIS · 1 CREDIT ]
What really happened in this match?
Wolo.gg analyzes every decision: build order, eco, micro, common mistakes by bracket. Personalized analysis on WhatsApp or Discord in 30 seconds.
Civ guide
Italians
Perfil
Jugador #3256450